General information
- name: BNet
- type: Ladder team game (AT/RT)
- host: Battle.net
- saver: TALONSAREIMBA
map: UpperKingdom
- players: 6
- length: 37:14
- speed: Fast
- version: 1.22 W3XP
- replay type: Public
» download(316 KB)
Players
team 1 (winner)

»
iggy_the_fisk (
green | 104 APM | 3868 actions | 37:14)
7 Mountain King
3 Storm Bolt
3 Bash
1 Avatar
6 Paladin
3 Holy Light
2 Divine Shield
1 Resurrection
» actions
| Assign group hotkey | 342 | |
| Basic commands | 77 | |
| Build / train | 154 | |
| Enter build submenu | 33 | |
| Enter hero's abilities submenu | 14 | |
| Give item / drop item | 1 | |
| Remove unit from queue | 1 | |
| Right click | 1804 | |
| Select / deselect | 689 | |
| Select group hotkey | 599 | |
| Use ability | 154 | |
3868 total
» units
| Peasant | 39 | |
| Footman | 20 | |
| Gryphon Rider | 21 | |
| Priest | 12 | |
| Dragonhawk Rider | 10 | |
| Sorceress | 2 | |
104 total
» upgrades
| Defend | 1 | |
| Lumber Harvesting | 2 | |
| Storm Hammers | 1 | |
| Swords | 3 | |
| Priest Training | 2 | |
| Animal War Training | 1 | |
| Armor | 2 | |
| Sorceress Training | 2 | |
14 total
» buildings
| Altar of Kings | 2 | |
| Barracks | 1 | |
| Farm | 11 | |
| Lumber Mill | 1 | |
| Scout Tower | 7 | |
| Guard Tower | 6 | |
| Keep | 1 | |
| Arcane Vault | 2 | |
| Town Hall | 4 | |
| Castle | 1 | |
| Arcane Sanctum | 1 | |
| Gryphon Aviary | 2 | |
| Blacksmith | 1 | |
40 total
» build order
00:06 Altar of Kings
00:18 Barracks
00:24 Farm
01:00 Farm
01:35 Lumber Mill
01:37 Farm
02:56 Scout Tower
03:13 Guard Tower
03:13 Scout Tower
03:28 Guard Tower
03:30 Scout Tower
03:50 Scout Tower
04:01 Guard Tower
04:35 Guard Tower
04:55 Keep
05:31 Scout Tower
05:58 Arcane Vault
06:03 Guard Tower
07:23 Town Hall
07:30 Farm
10:07 Castle
10:52 Arcane Sanctum
11:43 Gryphon Aviary
12:32 Gryphon Aviary
12:54 Blacksmith
13:03 Farm
13:59 Farm
15:04 Farm
19:45 Town Hall
20:22 Farm
21:31 Farm
22:31 Scout Tower
22:53 Guard Tower
22:54 Scout Tower
27:13 Arcane Vault
27:33 Town Hall
28:27 Farm
31:06 Farm
31:09 Town Hall
32:40 Altar of Kings
» items
| Scroll of Regeneration | 5 | |
| Scroll of Town Portal | 5 | |
| Staff of Sanctuary | 1 | |
| Orb of Fire | 1 | |
12 total
TALONSAREIMBA (
purple | 101 APM | 3757 actions | 37:14)
7 Keeper of the Grove
3 Entangling Roots
3 Thorns Aura
1 Tranquility
5 Pit Lord
2 Rain of Fire
3 Howl of Terror
» actions
| Assign group hotkey | 47 | |
| Basic commands | 336 | |
| Build / train | 113 | |
| Enter build submenu | 23 | |
| Enter hero's abilities submenu | 13 | |
| Right click | 1671 | |
| Select / deselect | 890 | |
| Select group hotkey | 523 | |
| Use ability | 141 | |
3757 total
» units
» upgrades
| Strength of the Moon | 1 | |
| Abolish Magic | 1 | |
| Strength of the Wild | 3 | |
| Reinforced Hides | 3 | |
| Nature's Blessing | 1 | |
| Well Spring | 1 | |
| Ultravision | 1 | |
11 total
» buildings
| Altar of Elders | 1 | |
| Moon Well | 8 | |
| Ancient of War | 1 | |
| Hunter's Hall | 1 | |
| Tree of Ages | 1 | |
| Ancient Protector | 1 | |
| Ancient of Wind | 1 | |
| Ancient of Lore | 3 | |
| Tree of Life | 6 | |
| Ancient of Wonders | 1 | |
| Tree of Eternity | 1 | |
25 total
» build order
00:03 Altar of Elders
00:05 Moon Well
00:52 Ancient of War
01:32 Moon Well
03:16 Moon Well
03:51 Hunter's Hall
04:45 Tree of Ages
05:23 Ancient Protector
08:31 Moon Well
08:33 Moon Well
08:38 Moon Well
08:39 Moon Well
08:46 Ancient of Wind
09:22 Ancient of Lore
09:32 Tree of Life
09:38 Ancient of Lore
09:40 Ancient of Lore
10:26 Moon Well
11:38 Ancient of Wonders
12:05 Tree of Eternity
18:03 Tree of Life
21:51 Tree of Life
24:13 Tree of Life
24:38 Tree of Life
31:26 Tree of Life
» items
| Scroll of Town Portal | 5 | |
| Potion of Healing | 3 | |
| Orb of Venom | 1 | |
| Scroll of Regeneration | 1 | |
| Anti-magic Potion | 1 | |
11 total

»
timg4strOK (
orange | 126 APM | 4695 actions | 37:14)
7 Demon Hunter
3 Mana Burn
3 Evasion
1 Metamorphosis
7 Pandaren Brewmaster
3 Breath of Fire
1 Drunken Haze
2 Drunken Brawler
1 Storm Earth and Fire
» actions
| Assign group hotkey | 51 | |
| Basic commands | 270 | |
| Build / train | 111 | |
| ESC pressed | 2 | |
| Enter build submenu | 19 | |
| Enter hero's abilities submenu | 14 | |
| Give item / drop item | 3 | |
| Right click | 1782 | |
| Select / deselect | 458 | |
| Select group hotkey | 1792 | |
| Use ability | 193 | |
4695 total
» units
| Wisp | 16 | |
| Huntress | 5 | |
| Dryad | 13 | |
| Druid of the Claw | 9 | |
| Druid of the Talon | 14 | |
57 total
» upgrades
| Abolish Magic | 1 | |
| Druid of the Claw Training | 2 | |
| Ultravision | 1 | |
| Strength of the Wild | 3 | |
| Reinforced Hides | 2 | |
| Well Spring | 1 | |
| Druid of the Talon Training | 2 | |
| Nature's Blessing | 1 | |
13 total
» buildings
| Altar of Elders | 1 | |
| Moon Well | 7 | |
| Ancient of War | 2 | |
| Hunter's Hall | 1 | |
| Tree of Ages | 1 | |
| Ancient of Lore | 2 | |
| Ancient of Wonders | 1 | |
| Tree of Eternity | 1 | |
| Tree of Life | 2 | |
| Ancient of Wind | 1 | |
19 total
» build order
00:04 Altar of Elders
00:21 Moon Well
01:18 Ancient of War
01:51 Hunter's Hall
02:05 Moon Well
02:51 Ancient of War
04:16 Tree of Ages
05:18 Moon Well
06:38 Ancient of Lore
06:39 Ancient of Lore
06:43 Moon Well
07:36 Ancient of Wonders
09:56 Tree of Eternity
10:58 Moon Well
13:34 Moon Well
15:58 Tree of Life
19:30 Ancient of Wind
33:33 Moon Well
33:42 Tree of Life
» items
| Scroll of Town Portal | 12 | |
| Staff of Preservation | 2 | |
| Potion of Healing | 5 | |
| Orb of Venom | 2 | |
21 total
team 2 (loser)
CANUWORKWITDAT (
red | 65 APM | 2437 actions | 37:13)
6 Priestess of the Moon
2 Searing Arrows
3 Trueshot Aura
1 Starfall
6 Naga Sea Witch
2 Frost Arrows
3 Forked Lightning
1 Tornado
» actions
| Assign group hotkey | 9 | |
| Build / train | 78 | |
| Enter build submenu | 27 | |
| Enter hero's abilities submenu | 12 | |
| Give item / drop item | 1 | |
| Remove unit from queue | 10 | |
| Right click | 1706 | |
| Select / deselect | 478 | |
| Select group hotkey | 36 | |
| Use ability | 79 | |
2437 total
» units
| Wisp | 25 | |
| Huntress | 6 | |
| Dryad | 7 | |
| Mountain Giant | 2 | |
40 total
» upgrades
| Abolish Magic | 1 | |
| Strength of the Wild | 2 | |
| Reinforced Hides | 1 | |
4 total
» buildings
| Moon Well | 6 | |
| Altar of Elders | 1 | |
| Hunter's Hall | 1 | |
| Ancient of War | 4 | |
| Ancient Protector | 4 | |
| Tree of Ages | 2 | |
| Ancient of Lore | 3 | |
| Ancient of Wonders | 2 | |
| Tree of Life | 3 | |
26 total
» build order
00:13 Moon Well
00:16 Altar of Elders
01:59 Hunter's Hall
02:00 Ancient of War
02:08 Moon Well
02:31 Ancient of War
03:20 Ancient Protector
04:23 Ancient Protector
04:59 Ancient of War
05:00 Ancient of War
05:23 Moon Well
06:50 Moon Well
06:52 Tree of Ages
08:36 Ancient Protector
08:39 Moon Well
09:24 Ancient of Lore
09:31 Ancient of Lore
13:36 Ancient of Wonders
17:16 Ancient of Lore
17:29 Moon Well
19:39 Ancient of Wonders
19:56 Tree of Life
28:10 Tree of Life
34:57 Tree of Life
35:11 Ancient Protector
» items
MUFFINMCNASTY (
yellow | 75 APM | 2804 actions | 37:09)
6 Mountain King
3 Storm Bolt
2 Bash
1 Avatar
5 Paladin
3 Holy Light
2 Divine Shield
» actions
| Assign group hotkey | 53 | |
| Basic commands | 36 | |
| Build / train | 126 | |
| ESC pressed | 10 | |
| Enter build submenu | 24 | |
| Enter hero's abilities submenu | 11 | |
| Give item / drop item | 9 | |
| Right click | 931 | |
| Select / deselect | 752 | |
| Select group hotkey | 558 | |
| Use ability | 294 | |
2804 total
» units
| Peasant | 23 | |
| Footman | 10 | |
| Knight | 9 | |
| Mortar Team | 14 | |
| Rifleman | 4 | |
60 total
» upgrades
| Defend | 1 | |
| Lumber Harvesting | 2 | |
| Swords | 3 | |
| Animal War Training | 1 | |
| Gunpowder | 1 | |
| Fragmentation Shards | 1 | |
9 total
» buildings
| Altar of Kings | 1 | |
| Farm | 10 | |
| Barracks | 3 | |
| Lumber Mill | 1 | |
| Scout Tower | 1 | |
| Guard Tower | 1 | |
| Keep | 1 | |
| Castle | 1 | |
| Arcane Vault | 1 | |
| Blacksmith | 1 | |
| Town Hall | 1 | |
| Workshop | 3 | |
25 total
» build order
00:18 Altar of Kings
00:33 Farm
00:49 Barracks
01:05 Lumber Mill
01:12 Farm
01:54 Scout Tower
02:03 Farm
02:23 Guard Tower
02:48 Barracks
04:31 Farm
05:25 Keep
06:49 Farm
07:12 Farm
07:13 Farm
08:13 Farm
08:14 Castle
09:51 Barracks
10:13 Arcane Vault
10:39 Blacksmith
11:26 Town Hall
17:02 Farm
19:27 Workshop
19:30 Workshop
19:31 Workshop
20:39 Farm
» items
| Scroll of Town Portal | 6 | |
| Lesser Clarity Potion | 15 | |
| Potion of Mana | 6 | |
| Potion of Healing | 3 | |
| Orb of Fire | 3 | |
| Scroll of Regeneration | 4 | |
| Moonstone | 1 | |
38 total
RUSKIE.CYKA (
teal | 158 APM | 4725 actions | 29:51)
6 Death Knight
3 Death Coil
2 Unholy Aura
1 Animate Dead
5 Lich
3 Frost Nova
2 Frost Armor
4 Crypt Lord
2 Impale
2 Carrion Beetles
» actions
| Assign group hotkey | 44 | |
| Basic commands | 4 | |
| Build / train | 89 | |
| ESC pressed | 5 | |
| Enter build submenu | 23 | |
| Enter hero's abilities submenu | 16 | |
| Give item / drop item | 5 | |
| Right click | 1776 | |
| Select / deselect | 596 | |
| Select group hotkey | 2004 | |
| Use ability | 163 | |
4725 total
» units
| Acolyte | 3 | |
| Ghoul | 4 | |
| Crypt Fiend | 7 | |
| Frost Wyrm | 10 | |
24 total
» upgrades
| Creature Attack | 2 | |
| Burrow | 1 | |
| Web | 1 | |
| Creature Carapace | 1 | |
| Freezing Breath | 1 | |
6 total
» buildings
| Graveyard | 1 | |
| Crypt | 1 | |
| Altar of Darkness | 1 | |
| Ziggurat | 10 | |
| Tomb of Relics | 1 | |
| Nerubian Tower | 1 | |
| Halls of the Dead | 4 | |
| Black Citadel | 2 | |
| Sacrificial Pit | 1 | |
| Boneyard | 3 | |
25 total
» build order
00:09 Graveyard
00:10 Crypt
00:37 Altar of Darkness
00:40 Ziggurat
01:20 Ziggurat
01:32 Tomb of Relics
02:24 Nerubian Tower
04:57 Ziggurat
05:25 Ziggurat
05:28 Ziggurat
05:43 Halls of the Dead
05:43 Halls of the Dead
05:43 Halls of the Dead
08:21 Black Citadel
09:12 Sacrificial Pit
10:04 Ziggurat
10:48 Boneyard
10:49 Boneyard
11:02 Boneyard
11:40 Ziggurat
17:25 Ziggurat
27:36 Ziggurat
27:38 Ziggurat
» items
| Rod of Necromancy | 3 | |
| Dust of Appearance | 1 | |
| Scroll of Town Portal | 7 | |
| Potion of Healing | 8 | |
| Orb of Corruption | 2 | |
| Potion of Mana | 7 | |
| Scroll of Regeneration | 1 | |
| Lesser Clarity Potion | 1 | |
30 total
Chat log
(00:15 / All) MUFFINMCNASTY: FUCK YOU BITCHES U HAVE SHIT IN YOUR TITS SLITS AND ARMPITS AHHHHHHHHHHHH
(00:48 / All) TALONSAREIMBA: Im on the run, my dad's a bum.
(00:56 / All) CANUWORKWITDAT: lol k talons
(01:09 / All) MUFFINMCNASTY: sick freestyle!
(02:02 / All) TALONSAREIMBA: Mickey Avalon on the mic
(02:09 / All) MUFFINMCNASTY: mickey avalon sux!
(02:18 / All) RUSKIE.CYKA: STFU 50% TRASH
(02:19 / All) MUFFINMCNASTY: he Fucking sucks
(08:08 / All) MUFFINMCNASTY: RUN OUT
(09:35 / All) RUSKIE.CYKA: DH
(30:24 / All) TALONSAREIMBA: Lmao
(30:27 / All) MUFFINMCNASTY: you've got to be fuckking kidding me
(30:31 / All) TALONSAREIMBA: lost with a ud
(30:32 / All) timg4strOK: leave trash
(30:34 / All) TALONSAREIMBA: pretty bad
(30:39 / All) iggy_the_fisk: spam some more caps lock blah blah blah
(30:46 / All) iggy_the_fisk: damn
(30:48 / All) iggy_the_fisk: Ud leaves first????
(31:30 / All) timg4strOK: leave please begone
(31:54 / All) MUFFINMCNASTY: I GOT SOMEIN FOR YOU
(32:11 / All) TALONSAREIMBA: Dam
(33:21 / All) TALONSAREIMBA: Why r u still here
(33:22 / All) TALONSAREIMBA: christ
(33:39 / All) MUFFINMCNASTY: WHY DOES UR MOM GIVE FREE HEAD
(33:43 / All) TALONSAREIMBA: U pick ud in 3's
(33:45 / All) TALONSAREIMBA: And stil cant win
(33:50 / All) TALONSAREIMBA: u stop a tower rush and still cant win
(33:53 / All) MUFFINMCNASTY: MY STUPID NIGGER CUNT FUCK SLUT PARTNER LEFT
(33:58 / All) TALONSAREIMBA: cause u lost
(34:00 / All) TALONSAREIMBA: thats why
(34:02 / All) MUFFINMCNASTY: lier
(34:03 / All) TALONSAREIMBA: he had some sense
(34:05 / All) MUFFINMCNASTY: he gave up
(34:12 / All) MUFFINMCNASTY: like a bitch
(34:13 / All) TALONSAREIMBA: We have 10 expos
(34:15 / All) TALONSAREIMBA: his dk got killed
(34:21 / All) TALONSAREIMBA: he made wyrms vs 20 dryads
(34:35 / All) iggy_the_fisk: has big fat noob allies
(34:37 / All) iggy_the_fisk: game over